 Dungeon Crawl Stone Soup version 0.29-a0-416-g83a48905f1 (webtiles) character file.

Game seed: 18148511061636625777

620 leviel the Cudgeller (level 7, -11/57 HPs)
             Began as a Hill Orc Fighter on May 16, 2022.
             Mangled by an iguana (12 damage)
             ... on level 4 of the Dungeon.
             The game lasted 00:04:24 (3655 turns).

leviel the Cudgeller (Hill Orc Fighter)             Turns: 3655, Time: 00:04:25

Health: -11/57     AC:  6    Str: 26    XL:     7   Next: 46%
Magic:  7/7        EV:  9    Int: 13    God:
Gold:   213        SH:  4    Dex: 10    Spells: 6/6 levels left

rFire   . . .      SeeInvis +   q - +7 mace "Inirch" {speed, Str+7 Int+3 SInv}
rCold   . . .      Faith    .   c - +0 buckler
rNeg    . . .      Spirit   .   b - +0 scale mail
rPois   .          Reflect  .   (no helmet)
rElec   .          Harm     .   (no cloak)
rCorr   .          Rampage  .   (no gloves)
Will    .....                   (no boots)
Stlth   ..........              (no amulet)
HPRegen 0.19/turn               (no ring)
MPRegen 0.10/turn               (no ring)

@: no status effects
A: no striking features
a: no special abilities


You were on level 4 of the Dungeon.
You visited 1 branch of the dungeon, and saw 4 of its levels.

You collected 265 gold pieces.
You spent 52 gold pieces at shops.

Inventory:

Hand Weapons
 a - a +1 war axe of protection
 m - the +5 whip of Moderation {antimagic, Dex+4}
   (You took it off a hobgoblin on level 2 of the Dungeon)

   It reduces the magical energy of the wielder, and disrupts the spells and
   magical abilities of those it strikes.
   Natural abilities and divine invocations are not affected.
   Dex:       It affects your dexterity (+4).
 q - the +7 mace "Inirch" (weapon) {speed, Str+7 Int+3 SInv}
   (You found it on level 2 of the Dungeon)

   Attacks with this weapon are significantly faster.
   Str:       It affects your strength (+7).
   Int:       It affects your intelligence (+3).
   SInv:      It lets you see invisible.
Missiles
 e - 7 javelins (quivered)
Armour
 b - a +0 scale mail (worn)
 c - a +0 buckler (worn)
Jewellery
 h - an amulet of magic regeneration
 o - a ring of ice {rC+ rF-}
Wands
 p - a wand of flame (18)
Scrolls
 f - a scroll of fear {unknown}
 j - a scroll of magic mapping {unknown}
 k - 3 scrolls of teleportation
 l - 2 scrolls of identify {@r1}
Potions
 d - a potion of might
 g - 2 potions of heal wounds
 i - a potion of ambrosia {unknown}
 n - a potion of curing


   Skills:
 - Level 3.6 Fighting
 - Level 5.2(7.8) Axes
 + Level 7.5(8.1) Maces & Flails
 - Level 3.2 Armour
 - Level 3.2 Shields


You had 6 spell levels left.
You didn't know any spells.
Your spell library contained the following spells:

 Spells                   Type           Power      Damage    Failure   Level
 Static Discharge         Conj/Air       0%         N/A       80%         2
 Frozen Ramparts          Ice            0%         1d2       95%         3
 Dispel Undead            Necr           0%         3d6       100%        4
 Ice Form                 Ice/Tmut       0%         N/A       100%        4
 Sticky Flame             Conj/Fire      0%         2d3       100%        4
 Summon Ice Beast         Ice/Summ       0%         N/A       100%        4


Dungeon Overview and Level Annotations

Branches:
Dungeon (4/15)
 Temple: D:4-7

Altars:
Makhleb

Shops:
D:1 !   D:2 *


Message History

You feel sick.
You sock the endoplasm!
You kill the endoplasm!
You feel sick.
You feel sick. The iguana closely misses you. You block the orc's attack.
There is an open door here.
You barely miss the orc.
You feel sick. The iguana bites you! The orc hits you but does no damage.
You hit the orc.
The orc is almost dead.
You feel sick.
The iguana bites you but does no damage.
The orc barely misses you.
You hit the iguana but do no damage.
You feel sick.
You sock the orc!
You kill the orc!
The iguana bites you but does no damage.
You thump the iguana!
The iguana is heavily wounded.
You feel sick.
The iguana bites you but does no damage.
The iguana bites you!
* * * LOW HITPOINT WARNING * * *
You feel sick.
You feel sick.
You see here a hobgoblin corpse.
You feel sick.
You are no longer poisoned.
You sock the iguana!
You kill the iguana!
You hit the iguana.
The iguana is lightly wounded.
You barely miss the iguana.
The iguana is lightly wounded.
The iguana bites you!
* * * LOW HITPOINT WARNING * * *
You barely miss the iguana.
The iguana is lightly wounded.
The iguana bites you!
You die...

####.### #.... ####. ##
##### #...# #########
#..######.....#.# ##
#..#....'.#.#.#.#######.
##.#.##@#.....#.#.......
#.#.##l#.#.#.#.........
#.#....#...).#...######
#.##'#######'##### #.
#.##)..#....†)########.
#.##...#.#..#)#........
#.##...#......#######..
#.####+#......# #.# #.#)
..#.#..#)# ##.#


You could see an iguana.

Vanquished Creatures
  A phantom (D:4)
  4 scorpions (D:4)
  Crazy Yiuf (D:2)
  A hound (D:4)
  An iguana (D:4)
  Natasha (thrice) (D:2)
  6 adders
  3 worms
  4 dart slugs
  10 orcs
  6 ball pythons
  5 endoplasms
  3 giant cockroaches
  5 goblins
  10 hobgoblins
  3 jackals (D:1)
  4 kobolds
  A quokka (D:4)
  3 bats
  4 frilled lizards
  6 rats
84 creatures vanquished.

Notes
Turn   | Place    | Note
-------+----------+-------------------------------------------
     0 | D:1      | leviel the Hill Orc Fighter began the quest for the Orb.
     0 | D:1      | Reached XP level 1. HP: 19/19 MP: 1/1
   125 | D:1      | Reached XP level 2. HP: 20/26 MP: 2/2
   702 | D:1      | Found Zofodaf's Distillery.
   710 | D:1      | Bought a potion of degeneration for 13 gold pieces
   717 | D:1      | Bought a potion of curing for 39 gold pieces
   824 | D:2      | Reached XP level 3. HP: 24/31 MP: 3/3
  1038 | D:2      | Reached skill level 5 in Axes
  1109 | D:2      | Found Tuozyid's General Store.
  1239 | D:2      | Identified the +5 whip of Moderation {antimagic, Dex+4}
  1287 | D:2      | Noticed Natasha
  1295 | D:2      | Killed Natasha
  1296 | D:2      | Reached skill level 1 in Maces & Flails
  1296 | D:2      | Reached XP level 4. HP: 34/39 MP: 1/4
  1309 | D:2      | Noticed Natasha
  1319 | D:2      | Killed Natasha
  1319 | D:2      | Noticed Natasha
  1320 | D:2      | Reached skill level 2 in Maces & Flails
  1328 | D:2      | Killed Natasha
  1329 | D:2      | Reached skill level 3 in Maces & Flails
  1329 | D:2      | Reached XP level 5. HP: 17/45 MP: 1/5
  1614 | D:2      | Found a runed translucent door.
  1615 | D:2      | Noticed Crazy Yiuf
  1628 | D:2      | Killed Crazy Yiuf
  1632 | D:2      | Identified the +7 mace "Inirch" {speed, Str+7 Int+3 SInv}
  1959 | D:3      | Reached skill level 4 in Maces & Flails
  2805 | D:4      | Reached skill level 5 in Maces & Flails
  2805 | D:4      | Reached XP level 6. HP: 27/51 MP: 6/6
  3192 | D:4      | Reached skill level 6 in Maces & Flails
  3255 | D:4      | Found a burning altar of Makhleb.
  3449 | D:4      | Reached XP level 7. HP: 47/57 MP: 7/7
  3517 | D:4      | Reached skill level 7 in Maces & Flails
  3654 | D:4      | HP: 1/57 [iguana (12)]
  3655 | D:4      | Mangled by an iguana

Illustrated notes

Levels and vault maps discovered:
D:1:      scummos_arrival_hexagon, layout_loops_cross, serial_shops, shop,
          serial_glass, glass_columns_b, glass_columns_b, feat_on_display,
          minmay_strange_pillars, nrook_campfire, minmay_misc_feat_diagonals
D:2:      layout_basic, serial_shops, nicolae_shop_stone,
          amcnicky_mini_corridor_feature, uniq_crazy_yiuf_cottage, uniq_natasha
D:3:      layout_loops_cross, chequers_hall_statues_y
D:4:      minmay_clustersquares, layout_rooms, mainiacjoe_overflow_chevrons,
          hangedman_abyss_or_decor_stabs

Skill      XL: |  1  2  3  4  5  6  7 |
---------------+----------------------+-----
Axes           | 3 4 5 |  5.2
Maces & Flails | 1 3 5 6 7 |  7.5
Fighting       | |  3.6
Armour         | |  3.2
Shields        | |  3.2

Action                   |  1- 3 |  4- 6 |  7- 9 || total
-------------------------+-------+-------+-------++-------
Melee: War axe           |    56 |       |       ||    56
       Whip              |     6 |    19 |       ||    25
       Mace              |       |    85 |    34 ||   119
  Use: Potion            |     3 |       |       ||     3
       Scroll            |       |     8 |       ||     8
Armor: Scale mail        |    25 |    10 |     9 ||    44
Dodge: Dodged            |    31 |    37 |     7 ||    75
Block: Buckler           |    12 |    14 |     4 ||    30

Table legend: (Time is in decaauts)
 A = Elapsed time spent in this place.
 B = Non-inter-level travel time spent in this place.
 C = Inter-level travel time spent in this place.
 D = Time resting spent in this place.
 E = Time spent auto-exploring this place.
 F = Levels seen in this place.
 G = Mean time per level.
                   A        B        C        D        E       F      G
               +--------+--------+--------+--------+--------+-----+--------+
         Total |   3643 |   3528 |    115 |    298 |   2739 |   4 |  910.8 |
       Dungeon |   3643 |   3528 |    115 |    298 |   2739 |   4 |  910.8 |
               +--------+--------+--------+--------+--------+-----+--------+

Top non-repeatable levels by time:
     D:2: 1072 daAuts
     D:4: 910 daAuts
     D:3: 843 daAuts
     D:1: 817 daAuts
